 Dungeon Crawl Stone Soup version 0.29-a0-275-g389c0b56f3 (webtiles) character file.

Game seed: 2374110199604530826

140 jimonade the Chopper (level 5, -6/42 HPs)
             Began as a Human Berserker on Mar 11, 2022.
             Was a Believer of Trog.
             Mangled by a gnoll
             ... wielding a +0 flail
              (7 damage)
             ... on level 3 of the Dungeon.
             The game lasted 00:09:58 (3956 turns).

jimonade the Chopper (Human Berserker)              Turns: 3956, Time: 00:09:58

Health: -6/42      AC: 11    Str: 20    XL:     5   Next: 47%
Magic:  5/5        EV:  6    Int:  7    God:    Trog [**....]
Gold:   105        SH:  0    Dex: 12    Spells: 4/4 levels left

rFire   . . .      SeeInvis .   a - +0 hand axe
rCold   . . .      Faith    .   (no shield)
rNeg    . . .      Spirit   .   n - +0 plate armour
rPois   .          Reflect  .   (no helmet)
rElec   .          Harm     .   (no cloak)
rCorr   .          Rampage  .   (no gloves)
Will    .....                   (no boots)
Stlth   ..........              (no amulet)
HPRegen 0.14/turn               (no ring)
MPRegen 0.09/turn               (no ring)

@: no status effects
A: no striking features
a: Renounce Religion, Berserk, Trog's Hand


You were on level 3 of the Dungeon.
You worshipped Trog.
Trog was pleased with you.
You visited 1 branch of the dungeon, and saw 3 of its levels.

You collected 105 gold pieces.

Inventory:

Hand Weapons
 a - a +0 hand axe (weapon)
 e - a +0 short sword
 i - a +0 long sword
 u - a +1 mace of protection
Missiles
 c - 50 stones (quivered)
Armour
 b - a +0 animal skin
 d - a +0 leather armour
 k - a +0 ring mail
 n - a +0 plate armour (worn)
 q - a +3 ring mail
 t - the +2 leather armour of a Labyrinth {-Cast Regen+ Str+4 SInv}
   (You found it on level 2 of the Dungeon)

   Str:       It affects your strength (+4).
   SInv:      It lets you see invisible.
   -Cast:     It prevents spellcasting.
   Regen:     It increases your rate of health regeneration.
 y - an orb of guile
Jewellery
 f - a ring of magical power
Scrolls
 o - a scroll of teleportation {unknown}
 s - 2 scrolls of identify {unknown}
 v - a scroll of amnesia {unknown}
 w - a scroll of acquirement {unknown}
 x - a scroll of blinking {unknown}
 B - 3 scrolls of magic mapping {unknown}
Potions
 g - 2 potions of curing {unknown}
 h - a potion of ambrosia {unknown}
 j - a potion of mutation {unknown}
 l - a potion of brilliance {unknown}
 m - a potion of heal wounds {unknown}
 p - a potion of lignification {unknown}
 r - 2 potions of might {unknown}
 z - a potion of flight {unknown}
 A - a potion of degeneration {unknown}


   Skills:
 * Level 3.8 Fighting
 * Level 4.7 Axes
 * Level 2.8 Armour
 - Level 2.0 Dodging


You had 4 spell levels left.
You didn't know any spells.
Your spell library contained the following spells:

 Spells                   Type           Power      Damage    Failure   Level
 Shock                    Conj/Air       0%         1d3       100%        1
 Blink                    Tloc           0%         N/A       100%        2
 Lesser Beckoning         Tloc           0%         N/A       100%        3
 Swiftness                Air            0%         N/A       100%        3
 Airstrike                Air            0%         N/A       100%        4
 Manifold Assault         Tloc           0%         N/A       100%        5


Dungeon Overview and Level Annotations

Branches:
Dungeon (3/15)

Altars:


Message History

The gnoll is severely wounded.
The gnoll hits you but does no damage.
You barely miss the gnoll.
The gnoll is severely wounded.
The gnoll hits you with a +0 spear.
* * * LOW HITPOINT WARNING * * *
You closely miss the gnoll.
The gnoll is severely wounded.
The gnoll barely misses you.
You closely miss the gnoll.
The gnoll is severely wounded.
The gnoll barely misses you.
You barely miss the gnoll.
The gnoll is severely wounded.
The gnoll hits you but does no damage.
You hit the gnoll but do no damage.
The gnoll is heavily wounded.
The gnoll barely misses you. The gnoll hits you with a +0 spear.
* * * LOW HITPOINT WARNING * * *
You hit the gnoll. You punch the gnoll, but do no damage.
The gnoll is severely wounded.
The gnoll barely misses you.
You hit the gnoll.
You kill the gnoll!
Trog accepts your kill.
You closely miss the gnoll. The gnoll hits you with a +0 flail!
* * * LOW HITPOINT WARNING * * *
You barely miss the gnoll. The gnoll hits you with a +0 flail.
* * * LOW HITPOINT WARNING * * *
You hit the gnoll.
The gnoll is lightly wounded.
The gnoll barely misses you.
You hit the gnoll.
The gnoll is moderately wounded.
The gnoll hits you with a +0 flail.
* * * LOW HITPOINT WARNING * * *
You closely miss the gnoll.
The gnoll is moderately wounded.
The gnoll hits you with a +0 flail!
You die...

########## ##
#.........# ..#
#.........# ....
#.........# .....
#.........#######......
#............!.@g......
.#
#.........########.....
...# #.........# ..#
#... #.........#
###########.
#.........#
#.#.......##
#####..####
###.#.#####..#
##.############.....#
##.#
#...)..........#.###
#.# #..######....###.#
####..


You could see a gnoll.

Vanquished Creatures
  An orc priest (D:3)
  2 gnolls (D:3)
  3 adders
  A dart slug (D:2)
  4 orcs (D:3)
  2 endoplasms
  A giant cockroach (D:1)
  7 goblins
  6 hobgoblins
  7 jackals
  2 kobolds (D:3)
  3 quokkas
  8 ball pythons
  2 bats
  6 frilled lizards
  2 rats
57 creatures vanquished.

Vanquished Creatures (others)
  A demonic plant (D:1)
1 creature vanquished.

Grand Total: 58 creatures vanquished

Notes
Turn   | Place    | Note
-------+----------+-------------------------------------------
     0 | D:1      | jimonade the Human Berserker began the quest for the Orb.
     0 | D:1      | Reached XP level 1. HP: 18/18 MP: 1/1
   506 | D:1      | Reached XP level 2. HP: 16/24 MP: 2/2
  1202 | D:1      | Reached XP level 3. HP: 26/29 MP: 3/3
  1410 | D:1      | Found a faded altar of an unknown god.
  2448 | D:2      | Reached XP level 4. HP: 27/36 MP: 4/4
  2572 | D:2      | Reached skill level 4 in Axes
  2761 | D:2      | Identified the +2 leather armour of a Labyrinth {-Cast
                  | Regen+ Str+4 SInv}
  3486 | D:3      | Reached ** piety under Trog
  3511 | D:3      | Reached XP level 5. HP: 25/42 MP: 5/5
  3952 | D:3      | HP: 2/42 [gnoll/+0 flail (9)]
  3956 | D:3      | Mangled by a gnoll

Illustrated notes

Levels and vault maps discovered:
D:1:      dpeg_arrival_round_b, layout_loops_corners,
          shapermc_ecumenical_altar_gd
D:2:      layout_loops_corners
D:3:      layout_rooms

Skill      XL: |  1  2  3  4 |
---------------+-------------+-----
Axes           | 4 |  4.7
Fighting       | |  3.8
Armour         | |  2.8
Dodging        | |  2.0

Action                   |  1- 3 |  4- 6 || total
-------------------------+-------+-------++-------
Melee: Hand axe          |   116 |    93 ||   209
       Punch             |     1 |     1 ||     2
Armor: Leather armour    |    21 |       ||    21
       Plate armour      |    17 |    45 ||    62
Dodge: Dodged            |    65 |    30 ||    95

Table legend: (Time is in decaauts)
 A = Elapsed time spent in this place.
 B = Non-inter-level travel time spent in this place.
 C = Inter-level travel time spent in this place.
 D = Time resting spent in this place.
 E = Time spent auto-exploring this place.
 F = Levels seen in this place.
 G = Mean time per level.
                   A        B        C        D        E       F      G
               +--------+--------+--------+--------+--------+-----+--------+
         Total |   3978 |   3873 |    105 |   1075 |   1936 |   3 | 1326.0 |
       Dungeon |   3978 |   3873 |    105 |   1075 |   1936 |   3 | 1326.0 |
               +--------+--------+--------+--------+--------+-----+--------+

Top non-repeatable levels by time:
     D:1: 1933 daAuts
     D:2: 1212 daAuts
     D:3: 832 daAuts
